cohdb
Replays
Latest Replays
All Replays
Popular Replays
Top Player Replays
Match Explorer
How It Works
Community
CoH3 Stats
Reddit
Sign in to upload your games and track your stats! →
Sign in with Steam
Match 43221382
Unlisted
Match 43221382
Overview
Messages
Build Orders
End
Panzergrenadier Squad
250 Light Carrier
Panzergrenadier Squad
250 Light Carrier
250 Light Carrier
Selects Armored Support Battlegroup
Selects Armored Support Battlegroup
Selects Superior Fire Drills
Construct Light Support Kompanie
Combat Half-tracks
Panzerjäger Mechanized Group
Construct Mechanized Kompanie
Vehicle Survival Package
Selects Salvage Kits
Chikage
Jeremy
Cheeki Bяeeki
JT
Longbowmen80
Fungers 🌹
Kitty
L1mbo
0
0
Comments
sign in to comment!
No comments posted yet!